 Dungeon Crawl Stone Soup version 0.27-b1-42-g19c61b19a5 (webtiles) character file.

Game seed: 13819857680393837185

651 grindst0ne the Skirmisher (level 7, 0/88 HPs)
             Began as a Palentonga Fighter on July 29, 2021.
             Was a Follower of Cheibriados.
             Succumbed to a killer bee's poison
             ... on level 5 of the Dungeon.
             The game lasted 00:05:28 (3902 turns).

grindst0ne the Skirmisher (Palentonga Fighter)      Turns: 3902, Time: 00:05:29

Health: 0/88       AC:  8    Str: 22    XL:     7   Next: 28%
Magic:  9/9        EV:  3    Int: 15    God:    Cheibriados [*.....]
Gold:   230        SH:  9    Dex: 11    Spells: 6/6 levels left

rFire    . . .     SeeInvis +   t - +11 trident of Oclaerie {elec, Int+3 SInv}
rCold    . . .     Faith    .   c - +0 kite shield
rNeg     . . .     Spirit   .   p - +0 chain mail
rPois    .         Reflect  .   (no helmet)
rElec    .         Harm     .   (no cloak)
rCorr    .         Rampage  .   (no gloves)
Will     .....                  (no barding)
Stlth    ..........             (no amulet)
HPRegen  0.24/turn              (no ring)
MPRegen  0.11/turn              (no ring)

@: berserking, lethally poisoned (0 -> -20), very slow
A: large, rugged brown scales 3, see invisible, deformed body, roll 1, armoured
tail, reflexive curl
a: Rolling Charge, Renounce Religion, Bend Time


You were on level 5 of the Dungeon.
You worshipped Cheibriados.
Cheibriados was aware of your devotion.
You visited 2 branches of the dungeon, and saw 6 of its levels.

You collected 230 gold pieces.

Inventory:

Hand Weapons
 a - a +0 war axe
 t - the +11 trident of Oclaerie (weapon) {elec, Int+3 SInv}
   (You found it on level 5 of the Dungeon)

   It occasionally discharges a powerful burst of electricity upon striking a
   foe.
   Int:       It affects your intelligence (+3).
   SInv:      It lets you see invisible.
Armour
 c - a +0 kite shield (worn)
 p - a +0 chain mail (worn)
Jewellery
 r - a ring of positive energy
Scrolls
 g - a scroll of magic mapping {unknown}
 h - a scroll of teleportation {unknown}
 j - a scroll of enchant weapon {unknown}
 l - 3 scrolls of immolation {unknown}
 m - a scroll of fog {unknown}
 q - a scroll of amnesia {unknown}
 s - a scroll of brand weapon {unknown}
 v - a scroll of noise {unknown}
Potions
 d - 3 potions of might
 e - a potion of curing {unknown}
 f - a potion of attraction
 i - a potion of ambrosia
 o - a potion of lignification


   Skills:
 + Level 5.4 Fighting
 + Level 4.9 Axes
 + Level 3.8 Armour
 - Level 2.4 Shields
 + Level 2.9 Invocations


You had 6 spell levels left.
You didn't know any spells.
Your spell library contained the following spells:

 Spells                   Type           Power      Damage    Failure   Level
 Foxfire                  Conj/Fire      0%         2x1d4     100%        1
 Sting                    Tmut/Pois      0%         1d3       100%        1
 Poisonous Vapours        Pois/Air       0%         N/A       100%        2
 Conjure Flame            Conj/Fire      0%         6-21      100%        3
 Ignite Poison            Fire/Tmut/Pois 0%         N/A       100%        3
 Inner Flame              Hex/Fire       0%         N/A       100%        3
 Olgreb's Toxic Radiance  Pois           0%         N/A       100%        4
 Sticky Flame             Conj/Fire      0%         2d3       100%        4


Dungeon Overview and Level Annotations

Branches:
Dungeon (5/15)             Temple (1/1) D:4

Altars:
Cheibriados
Dithmenos
Elyvilon
Fedhas
Gozag
Hepliaklqana
Kikubaaqudgha
Makhleb
Nemelex Xobeh
Okawaru
Qazlal
Ru
Sif Muna
Trog
Uskayaw
Wu Jian
Xom
Yredelemnul

Shops:
D:1 =


Innate Abilities, Weirdness & Mutations

You are completely covered in rugged brown scales. (AC +3, +7% HP)
You have supernaturally acute eyesight. (SInv)
Armour fits poorly on your strangely shaped body.
You can roll at nearby foes to attack.
You have a long armoured tail.
You curl defensively after being hit.


Message History

The killer bee barely misses you. You block the killer bee's attack. x2
Okay, then.
It was a potion of berserk rage.
A red film seems to cover your vision as you go berserk!
Cheibriados protects you from inadvertent hurry.
You feel mighty!
You feel sick. You block the killer bee's attack.
The killer bee barely misses you. You block the killer bee's attack.
The killer bee stings you.
You are more poisoned.
The killer bee poisons you!
Your chain mail prevents you from hitting the killer bee.
You feel very sick. The killer bee stings you.
* * * LOW HITPOINT WARNING * * *
The killer bee stings you.
* * * LOW HITPOINT WARNING * * *
You block the killer bee's attack. The killer bee barely misses you.
The killer bee stings you.
* * * LOW HITPOINT WARNING * * *
You are too berserk!
You puncture the killer bee!
Lightning courses through the killer bee!
You kill the killer bee!
Cheibriados thoroughly appreciates the change of pace.
* * * LOW HITPOINT WARNING * * *
You feel very sick. You block the killer bee's attack.
The killer bee stings you.
* * * LOW HITPOINT WARNING * * *
The killer bee stings you but does no damage.
You completely miss the killer bee.
* * * LOW HITPOINT WARNING * * *
You feel very sick.
The killer bee stings you but does no damage.
You block the killer bee's attack. The killer bee stings you.
* * * LOW HITPOINT WARNING * * *
You are more poisoned.
The killer bee poisons you!
You hit the killer bee.
The killer bee is moderately wounded.
You die...

#.....# #.....# #.....#
########.....#
##............#
#>........#####
#..........#
..###.y........########
......†@....[..........
..####...>....#.#######
#........#.##
#........#..#######
#........#.........
#........#.........
#........#.........
############..##...
##.##...


You could see a killer bee.

Vanquished Creatures
  A sky beast (D:5)
  An ogre (D:4)
  A wyvern zombie (D:5)
  3 killer bees (D:5)
  2 hounds (D:4)
  A centaur skeleton (D:4)
  An orc wizard (D:4)
  A gnoll (D:1)
  A howler monkey skeleton (D:4)
  7 adders
  3 adder skeletons
  3 dart slugs
  3 worms
  3 orcs (D:4)
  8 endoplasms
  5 giant cockroaches
  5 goblins
  4 hobgoblins
  4 jackals (D:2)
  9 ball pythons
  4 bats (D:1)
  5 frilled lizards
  6 kobolds
  6 rats
87 creatures vanquished.

Notes
Turn   | Place    | Note
-------+----------+-------------------------------------------
     0 | D:1      | grindst0ne the Palentonga Fighter began the quest for the
                  | Orb.
     0 | D:1      | Reached XP level 1. HP: 19/19 MP: 1/1
   332 | D:1      | Reached XP level 2. HP: 25/25 MP: 2/2
   400 | D:1      | Found Wyexydej's Jewellery Boutique.
   634 | D:1      | Reached XP level 3. HP: 31/31 MP: 3/3
  1097 | D:2      | Reached skill level 4 in Fighting
  1229 | D:2      | Reached XP level 4. HP: 38/39 MP: 4/4
  1500 | D:3      | Found a faded altar of an unknown god.
  2390 | D:4      | Reached XP level 5. HP: 22/46 MP: 5/5
  2675 | D:4      | Found a staircase to the Ecumenical Temple.
  2684 | Temple   | Entered the Ecumenical Temple
  2688 | Temple   | Became a worshipper of Cheibriados the Contemplative
  3197 | D:4      | Reached skill level 1 in Invocations
  3459 | D:4      | Noticed an ogre
  3464 | D:4      | Killed an ogre
  3465 | D:4      | Reached XP level 6. HP: 53/53 MP: 5/7
  3593 | D:4      | Reached skill level 5 in Fighting
  3594 | D:4      | Found a shimmering altar of Xom.
  3612 | D:4      | Found a bloodstained altar of Trog.
  3614 | D:4      | Found an ornate altar of the Wu Jian Council.
  3633 | D:4      | Found a blossoming altar of Fedhas.
  3635 | D:4      | Found a sparkling altar of Nemelex Xobeh.
  3787 | D:5      | Entered Level 5 of the Dungeon
  3812 | D:5      | Noticed a sky beast
  3820 | D:5      | Killed a sky beast
  3821 | D:5      | Gained mutation: You curl defensively after being hit.
                  | [Palentonga growth]
  3821 | D:5      | Reached XP level 7. HP: 48/59 MP: 8/8
  3833 | D:5      | Identified the +11 trident of Oclaerie {elec, Int+3 SInv}
  3890 | D:5      | Reached * piety under Cheibriados
  3902 | D:5      | Succumbed to a killer bee's poison

Illustrated notes

Levels and vault maps discovered:
D:1:      amcnicky_arrival_abandoned_market, layout_basic, serial_shops,
          nicolae_diamond_shop, minmay_misc_feat_room, minmay_misc_feat_five
D:2:      layout_basic
D:3:      layout_basic, shapermc_ecumenical_altar_totnotflames,
          hangedman_decor_growths, minmay_misc_feat_hallway
D:4:      minmay_spotlight, layout_basic, minmay_overflow_temple_star_hex,
          minmay_temple_entry_wispy
D:5:      layout_basic, kennysheep_little_box
Temple:   nicolae_temple_x_marks_the_god

Skill      XL: |  1  2  3  4  5  6 |
---------------+-------------------+-----
Axes           | 3 4 |  4.9
Fighting       | 4 5 |  5.4
Armour         | 3 |  3.8
Invocations    | 1 2 |  2.9
Shields        | |  2.4

Action                   |  1- 3 |  4- 6 |  7- 9 || total
-------------------------+-------+-------+-------++-------
Melee: War axe           |   101 |   137 |     2 ||   240
       Tailslap          |    10 |    19 |     1 ||    30
       Trident           |       |       |    11 ||    11
 Abil: Rolling Charge    |       |     1 |       ||     1
  Use: Scroll            |       |     3 |       ||     3
       Potion            |       |     1 |     5 ||     6
Armor: Scale mail        |    66 |       |       ||    66
       Chain mail        |       |    90 |    11 ||   101
       Skin              |       |       |    15 ||    15
Dodge: Dodged            |    20 |    20 |     5 ||    45
Block: Kite shield       |    50 |    73 |    16 ||   139
